[Event "7th Sinquefield Cup GCT 2019"]
[Site "Saint Louis"]
[Date "2019.08.29"]
[Round "14.1"]
[White "Ding, Liren"]
[Black "Carlsen, Magnus"]
[Result "1-0"]
[ECO "A13"]
[WhiteElo "2805"]
[BlackElo "2882"]
[Annotator "RC"]
[PlyCount "174"]
[EventDate "2019.08.17"]
[EventType "tourn"]
[EventCountry "USA"]
[SourceTitle "playchess.com"]
[Source "ChessBase"]
[SourceQuality "1"]
[TimeMode "Bronstein"]
[TimeControl "300+3"]

1. c4 Nf6 2. g3 e6 3. Bg2 d5 4. Nf3 dxc4 5. Qa4+ Nbd7 6. Qxc4 a6 7. Qc2 c5 8. Nc3 Qc7 9. d4 cxd4 10. Nxd4 Bc5 11. Nb3 Bd6 12. O-O O-O 13. Rd1 Be5 14. Be3 Nd5 15. Bxd5 exd5 16. Rac1 Nf6 17. Nxd5 Nxd5 18. Rxd5 Qxc2 19. Rxc2 Bf6 20. Nc5 Re8 21. Bd4 Be7 22. Re5 f6 23. Re3 Bf5 24. Rd2 Bxc5 25. Rxe8+ Rxe8 26. Bxc5 Rc8 27. b4 a5 28. a3 axb4 29. axb4 Rc7 30. f3 Rd7 31. Ra2 h5 32. Kf2 Kf7 33. h4 Be6 34. Ra8 b5 35. e4 Bc4 36. Ke3 Rd3+ 37. Kf4 Rd7 38. Rh8 Kg6 39. g4 hxg4 40. fxg4 Kf7 41. h5 Bb3 42. e5 fxe5+ 43. Kxe5 Rd5+ 44. Kf4 Rd1 45. Rf8+ Ke6 46. Re8+ Kf7 47. Rf8+ Ke6 48. Kg5 Bc2 49. Re8+ Kf7 50. Re7+ Kg8 51. Rb7 Rd5+ 52. Kh4 Bd3 53. g5 Rd8 54. g6 Bc4 55. Kg5 Rd5+ 56. Kf4 Rd8 57. Bd6 Be2 58. Be5 Bxh5 59. Kg5 Be2 60. Rxg7+ Kf8 61. Rf7+ Ke8 62. Kf6 Bc4 63. Rh7 Rd1 64. Re7+ Kd8 65. Ra7 Rf1+ 66. Kg7 Ke8 67. Bf6 Re1 68. Kh8 Rh1+ 69. Kg7 Re1 70. Rb7 Re2 71. Ra7 Re1 72. Rc7 Re2 73. Ra7 Re1 74. Ra3 Re2 75. Ra8+ Kd7 76. Kf8 Rf2 77. Kg7 Rg2 78. Rd8+ Ke6 79. Re8+ Kd7 80. Re5 Kd6 81. Re3 Kd7 82. Re7+ Kd6 83. Re3 Kd7 84. Kh6 Rh2+ 85. Kg7 Rg2 86. Bd4 Rg4 87. Bc5 Rg2 1-0